AoeStats
← 17 The King

African Clearing

504306423Analyzed
2v2 RM · 27d ago on Sep 4, 2026· 43m 7s· 4 players
Game mode
Random Map
Map size
Medium (4 player)
Population
200
Speed
Normal
Resources
Standard
Victory
Conquest
Starting age
Dark Age
Ending age
Imperial Age
RankedLock teamsTeams togetherTeam positionsShared explorationLock speedFull tech treeHidden civsTurbo modeCheats
Victory
Defeat
🇩🇪 Georgians · Germany
1085
+16
1070
+16
🇳🇱 Huns · Netherlands
1147
-19
🇳🇱 Magyars · Netherlands
1006
-13
Torfhildur Þorsteinsdóttir
9:09 Loom
12:40 Feudal Age
13:45 Double-Bit Axe
13:42 Horse Collar
19:15 Fletching
21:47 Padded Archer Armor
25:37 Castle Age
25:28 Bloodlines
25:45 Elite Skirmisher
26:44 Gold Mining
27:56 Leather Archer Armor
32:05 Wheelbarrow
32:07 Bodkin Arrow
34:02 Hand Cart
34:13 Scale Barding Armor
36:01 Forging
36:22 Light Cavalry
38:18 Heavy Plow
38:54 Chain Barding Armor
40:11 Town Watch
41:29 Iron Casting
41:54 Stone Mining
42:17 Bow Saw
42:11 Squires
El Coco Loco
5:54 Loom
16:10 Feudal Age
17:33 Wheelbarrow
16:41 Horse Collar
16:49 Double-Bit Axe
21:28 Castle Age
19:48 Gold Mining
19:50 Stone Mining
20:19 Forging
20:14 Scale Barding Armor
21:26 Bloodlines
22:36 Heavy Plow
22:48 Bow Saw
28:38 Light Cavalry
30:45 Husbandry
32:07 Hand Cart
37:06 Imperial Age
35:22 Iron Casting
35:08 Chain Barding Armor
36:45 Fletching
37:03 Svan Towers
37:47 Stone Shaft Mining
37:15 Elite Monaspa
38:38 Crop Rotation
39:00 Plate Barding Armor
39:28 Conscription
42:01 Blast Furnace
Rini
8:48 Loom
14:26 Feudal Age
16:03 Double-Bit Axe
23:39 Castle Age
25:01 Bow Saw
25:16 Gold Mining
27:20 Stone Mining
35:47 Scale Barding Armor
37:32 Husbandry
39:58 Chain Barding Armor
39:53 Horse Collar
40:57 Heavy Plow
41:18 Bloodlines
17 The King
8:09 Loom
13:17 Feudal Age
17:31 Castle Age
16:08 Fletching
17:35 Double-Bit Axe
19:34 Town Watch
20:30 Horse Collar
22:37 Bodkin Arrow
24:41 Bloodlines
27:29 Padded Archer Armor
29:40 Heavy Plow
30:13 Bow Saw
31:41 Wheelbarrow
31:26 Stone Mining
33:15 Leather Archer Armor
34:35 Elite Skirmisher
37:06 Thumb Ring
Connection lost

Rejoining the realm…

Still unreachable

The connection could not be restored.

Session expired

The server has moved on; the page needs a fresh start.